Map: Prion Terraces

Players

lesha

  • Race: Terran Terran
  • League: Silver

SkogsMongo - Winner!

  • Race: Zerg Zerg
  • League: Gold

VOD

Have the link to the VOD?

Description

Time

  • Played on: Jan. 6, 2016, 9:51 a.m.
  • Length: 5:01
Show
View Real Time Build Order
Export as new Build Order

lesha Terran 

Build Orders: Reaper Expand 

Get SALT Encoding   

  12  0:01  SCV  
  13  0:13  SCV  
  14  0:19  Supply Depot  
  14  0:25  SCV  
  15  0:40  SCV  
  15  0:41  Barracks  
  16  0:46  Refinery  
  16  0:52  SCV  
  17  1:05  SCV  
  18  1:17  SCV  
  19  1:29  Orbital Command  
  19  1:31  Reaper  
  20  1:44  Command Center  
  20  1:50  Supply Depot  
  20  1:55  SCV  
  21  2:01  Refinery  
  21  2:06  Barracks Reactor  
  21  2:18  SCV  
  21  2:19  Barracks  
  22  2:30  SCV  
  22  2:32  Factory  
  23  2:42  SCV  
  24  2:48  Marine  
  24  2:49  Marine  
  26  2:54  SCV  
  27  3:06  SCV, Barracks  
  27  3:07  Orbital Command  
  27  3:09  Barracks Reactor  
  28  3:16  Marine x2  
  30  3:22  Factory Tech Lab  
  30  3:30  Starport  
  30  3:37  Orbital Command  
  30  3:39  Marine x2  
  32  3:41  SCV  
  32  3:46  Siege Tank  
  36  3:53  SCV  
  37  3:58  Barracks Tech Lab  
  37  4:03  Barracks  
  36  4:14  Marine x4  
  32  4:30  Marine  
  29  4:31  Marine  
  29  4:32  Marine x2  
  29  4:34  Marine  
Show
View Real Time Build Order
Export as new Build Order

SkogsMongo Zerg - Winner!

Build Orders: Hatch First 

Get SALT Encoding   

  12  0:01  Drone  
  13  0:12  Overlord  
  13  0:22  Drone  
  14  0:47  Drone  
  15  0:50  Drone  
  15  0:52  Hatchery  
  15  0:56  Drone  
  16  0:59  Extractor  
  15  1:15  Spawning Pool  
  14  1:39  Drone x2  
  16  1:40  Drone  
  17  2:04  Zergling x2  
  17  2:05  Zergling x2  
  17  2:06  Queen  
  21  2:11  Queen  
  23  2:31  Spine Crawler  
  23  2:33  Overlord x2  
  22  3:01  Zergling x2  
  22  3:02  Zergling x10  
  22  3:05  Evolution Chamber  
  27  3:13  Metabolic Boost  
  27  3:24  Drone  
  27  3:25  Drone x5  
  33  3:44  Zergling x2  
  33  3:45  Zergling x6  
  33  4:34  Zergling x2  
  33  4:35  Zergling x14  
Tags
 
Add a new tag
Caveats
  • Supply blocks, unpowered buildings, or Contaminate may cause inaccurate times.
  • Supply counts are checked every 10 seconds.